 Dungeon Crawl Stone Soup version 0.16-a0-791-gf1c67de (webtiles) character file.

96951 Ratboiler the Spry (level 15, -13/78 HPs)
             Began as a Felid Berserker on Sept 28, 2014.
             Was an Elder of Trog.
             Mangled by a very large slime creature (36 damage)
             ... on Level 15 of the Dungeon.
             The game lasted 03:23:31 (50550 turns).

Ratboiler the Spry (Felid Berserker)               Turns: 50550, Time: 03:23:31

HP -13/78        AC  3     Str 13      XL: 15   Next: 33%
MP  32/32        EV 42     Int  9      God: Trog [****..]
Gold 2118        SH  0     Dex 22      Spells:  0 memorised, 14 levels left
Lives: 0, deaths: 3

rFire  . . .     SeeInvis +       - Unarmed
rCold  + . .     Clarity  .     (armour unavailable)
rNeg   . . .     rCorr    .     (shield unavailable)
rPois  +         rRot     .     (helmet unavailable)
rElec  .         Spirit   .     (cloak unavailable)
SustAb .         Warding  .     (gloves unavailable)
rMut   .         Stasis   .     (boots unavailable)
Gourm  .                        (no amulet)
MR     ++...                    f - +4 ring of evasion
                                t - ring of poison resistance

@: exhausted, slowed, slow, very resistant to hostile enchantments, very
stealthy
A: paw claws, no armour, no weapons or thrown items, fangs 3, see invisible,
carnivore 3, speed 1, shaggy fur 3, slow metabolism 1, jump 3
a: Jump Attack, Burn Spellbooks, Berserk, Trog's Hand, Brothers in Arms,
Renounce Religion
}: 1/15 runes: gossamer


You were on level 15 of the Dungeon.
You worshipped Trog.
Trog was greatly pleased with you.
You were not hungry.

You visited 5 branches of the dungeon, and saw 37 of its levels.
You also visited: Ice Cave.

You collected 3211 gold pieces.
You spent 1093 gold pieces at shops.

Inventory:

Magical devices
 s - a wand of flame (6)
 u - a wand of enslavement (7)
 x - a wand of confusion (7)
 A - a wand of confusion (13)
 D - a wand of cold (2)
 F - a wand of frost (15)
 J - a wand of confusion (13)
 K - a wand of paralysis (10)
 L - a wand of fire (8)
 O - a wand of frost (17)
 P - a wand of disintegration (8)
 R - a wand of enslavement (0)
 V - a wand of draining (4)
 W - a wand of disintegration (5)
 X - a wand of confusion (13)
 Y - a wand of disintegration (17)
 Z - a wand of slowing (20)
Comestibles
 c - 6 meat rations
 d - 12 royal jellies
Scrolls
 a - a scroll of recharging
 g - 8 scrolls of teleportation
 h - a scroll of blinking
 i - 5 scrolls of magic mapping
 k - 5 scrolls of fear
 o - 9 scrolls of remove curse
 p - a scroll of fog
 q - 3 scrolls of enchant weapon
 I - 9 scrolls of identify
 M - 2 scrolls of vulnerability
 T - 2 scrolls of enchant armour
Jewellery
 b - an uncursed ring of sustain abilities
 f - a +4 ring of evasion (right paw)
 m - a cursed ring of flight
 t - a ring of poison resistance (left paw)
 y - an uncursed ring of protection from magic
 U - an uncursed ring of protection from cold
Potions
 e - a potion of lignification
 j - a potion of invisibility
 n - 6 potions of might
 r - 2 potions of flight
 v - 4 potions of cancellation
 w - 3 potions of restore abilities
 z - a potion of magic
 B - 5 potions of resistance
 C - a potion of brilliance
 G - a potion of haste
 H - 3 potions of agility
 S - 2 potions of mutation
Miscellaneous
 E - a phial of floods (inert)
 N - a box of beasts {used: 1}
 Q - a lamp of fire (inert)


   Skills:
 + Level 16.0 Fighting
 + Level 19.6 Dodging
 - Level 10.2 Stealth
 + Level 17.2 Unarmed Combat
 - Level 13.0 Evocations


You had 14 spell levels left.
You didn't know any spells.

Dungeon Overview and Level Annotations

Branches:
Dungeon (15/15)            Temple (0/1) D:7             Orc (4/4) D:12
    Elf (0/3) Orc:3          Lair (8/8) D:8          Shoals (5/5) Lair:3
 Spider (5/5) Lair:3        Slime (0/6) Lair:8       Vaults (0/5) D:13
 Depths: D:15

Altars:
Cheibriados
Gozag
Makhleb
Ru
Vehumet
Xom
Zin
The Shining One
Beogh

Shops:
D:6 *[   D:8 [   D:11 *%:   D:12 *   Orc:2 [   Orc:4 }:([

Annotations:
D:4 Talonman's ghost, average DrEE
D:8 wvc's ghost, experienced DDFi
D:15 Louise
Lair:1 Fannar
Lair:6 Maud
Lair:8 exclusion: ice statue
Shoals:5 Ilsuiw
Spider:1 exclusion: Roxanne, Roxanne


Innate Abilities, Weirdness & Mutations

You cannot wear armour.
You are incapable of wielding weapons or throwing items.
Your paws have sharp claws.
You have razor-sharp teeth.
You have supernaturally acute eyesight.
You are carnivorous and can eat meat at any time.
You cover ground quickly.
Your thick and shaggy fur keeps you warm (AC +3, rC+).
You have a slow metabolism.
You can jump attack at a long distance.


Message History

The very large slime creature hits you!!
You are too injured to fight recklessly!
Use which ability? (? or * to list)
A red film seems to cover your vision as you go berserk!
You feel yourself moving faster!
You feel mighty!
You feel somewhat more hungry.
The very large slime creature hits you!!!
* * * LOW HITPOINT WARNING * * *
You feel a strong urge to attack something.
You feel your anger subside.
You are no longer berserk.
Trog's vigour flows through your veins.
You are exhausted.
You feel yourself slow down.
Things that are here:
a dagger; an embroidered robe Use which ability? (? or * to list)
Your ogre goes berserk!
You feel somewhat more hungry.
The very large slime creature hits you!!!
You die...

##.####.....# ##..#
#..## ##.## ###...#
#..## ##.## ##.##
##..### ##..# #..#
#.##
##...####...####..#
###
##...##......##..#
##..............#
#.....(.##....##
#OJ...######.##
##.@.### ####
#().## ###..###
#..## ##......###
########## #..#
#..........
#).......# #..#
#..........
#######..# #..#
##..#...... #..#
#..# #######... ###
##..# #..# ##..
#.#####..## #..#
#..


You could see a very large slime creature and a friendly ogre (berserk).

Vanquished Creatures
  Agnes (Spider:1)
  A ghost moth (Spider:5)
  4 emperor scorpions (Spider:5)
  3 dire elephants (Lair:8)
  A merfolk javelineer (Shoals:5)
  4 merfolk impalers (Shoals:5)
  Josephine (D:15)
  An ice dragon (Lair:8)
  A rakshasa (D:15)
  Nessos (Spider:1)
  5 hydras
  3 centaur warriors
  A tengu warrior (D:13)
  An orc high priest (Orc:3)
  A sea snake (Shoals:2)
  A sun demon (Lair:8)
  3 wizards
  8 hill giants
  9 orb spiders
  An unseen horror (D:10)
  2 ice statues (IceCv)
  7 harpies
  2 orc knights
  A necromancer (IceCv)
  26 wolf spiders
  3 griffons
  2 water nymphs
  7 red wasps
  An ugly thing (D:11)
  2 manticores
  A drowned soul (Shoals:5)
  A centaur zombie (D:15)
  2 cyclopes
  8 black mambas
  3 mermaids
  Maurice (Orc:1)
  13 elephants
  3 moths of wrath
  A smoke demon (Lair:8)
  11 spiny frogs
  2 tengu conjurers (D:11)
  2 item mimics
  A kobold demonologist (D:14)
  2 orange demons (Lair:8)
  3 yaktaurs (D:14)
  9 komodo dragons
  A troll (shapeshifter) (D:15)
  18 demonic crawlers
  A hydra zombie (D:11)
  8 fire drakes
  19 jumping spiders
  7 polar bears
  7 merfolk
  Sonja (D:11)
  2 queen bees
  2 blink frogs (Lair:8)
  5 blue devils (IceCv)
  4 trolls
  A wind drake (Shoals:5)
  3 boulder beetles
  2 deep elf magi (D:13)
  6 ravens
  4 two-headed ogres
  2 snapping turtles (Shoals:5)
  A wraith (D:11)
  3 basilisks
  49 yaks
  20 trapdoor spiders
  A vampire (D:15)
  28 redbacks
  28 tarantellas
  7 hippogriffs
  2 steam dragons
  3 wyverns
  4 wargs
  A hill giant skeleton (D:15)
  A hungry ghost (D:10)
  3 mottled dragons
  A hell hound (Lair:8)
  16 wolves
  5 vampire mosquitoes (Lair:3)
  25 orc warriors
  11 porcupines
  2 swamp drakes (Lair:3)
  A tengu skeleton (D:15)
  5 black bears
  26 spiders
  16 water moccasins
  An orc zombie (D:15)
  A manticore zombie (D:15)
  A sky beast (Lair:1)
  9 ogres
  2 phantoms
  3 yellow wasps (Spider:5)
  16 centaurs
  17 ice beasts
  A boring beetle (Lair:4)
  23 crocodiles
  2 big kobolds
  17 giant frogs
  A komodo dragon zombie (D:14)
  2 insubstantial wisps (Lair:3)
  13 scorpions
  3 eyes of draining
  A queen bee zombie (D:9)
  A yak skeleton (D:7)
  5 electric eels
  A troll skeleton (D:14)
  5 wights (D:12)
  2 goliath beetles
  A hippogriff skeleton (D:11)
  6 crimson imps
  47 killer bees
  2 quasits
  12 hounds
  3 jellies
  3 centaur skeletons
  An elf zombie (D:9)
  17 iguanas
  2 giant frog skeletons
  26 orc priests
  A kobold zombie (D:14)
  A two-headed ogre zombie (D:15)
  A basilisk zombie (D:13)
  Natasha (twice) (D:6)
  35 orc wizards
  5 worker ants
  25 sheep
  3 killer bee zombies (D:9)
  An ogre zombie (D:7)
  A mottled dragon skeleton (D:11)
  A hound skeleton (D:7)
  A mummy (D:14)
  A worker ant zombie (D:10)
  31 adders
  4 gnolls (D:10)
  67 green rats
  6 shadow imps
  2 white imps (Lair:8)
  3 worms
  An adder skeleton (D:10)
  7 giant geckos
  3 oozes
  180 orcs
  7 giant cockroaches
  17 hobgoblins
  9 jackals
  25 kobolds
  12 quokkas
  15 bats
  A giant cockroach zombie (D:6)
  5 giant newts
  A giant spore (D:10)
  20 goblins
  A hobgoblin skeleton (D:7)
  An orc skeleton (D:9)
  15 rats
  A rat zombie (D:6)
  3 fungi
  2 plants
  A tentacle (Shoals:5)
1284 creatures vanquished.

Vanquished Creatures (collateral kills)
  Arachne (Spider:5)
  A spectral weapon (Spider:1)
  Donald (Spider:1)
  2 emperor scorpions (Spider:5)
  An orc warlord (Orc:4)
  A merfolk impaler (Shoals:4)
  Snorg (Spider:1)
  A merfolk javelineer (Shoals:4)
  A hydra (Lair:8)
  2 sirens
  Erica (Orc:4)
  Urug (D:10)
  5 orb spiders
  Erolcha (D:8)
  3 wolf spiders
  3 harpies (Shoals:5)
  An ugly thing (D:12)
  4 oklob plants (Lair:8)
  A faun (Shoals:5)
  A manticore (Shoals:5)
  2 orange demons (Lair:8)
  2 mermaids (Shoals:5)
  An item mimic (Lair:1)
  A demonic crawler (Spider:3)
  A hellwing (Lair:8)
  A jumping spider (Spider:2)
  4 merfolk
  2 red devils (Lair:8)
  2 tengu conjurers (D:15)
  A two-headed ogre (D:13)
  2 blink frogs (Lair:8)
  A wind drake (Shoals:5)
  Prince Ribbit (Orc:1)
  2 blue devils (Lair:8)
  A trapdoor spider (Spider:3)
  4 tarantellas
  9 redbacks
  Grum (D:8)
  2 wolves
  A hell hound (Lair:8)
  5 spiders (Spider:1)
  2 orc warriors
  A yellow wasp (Spider:3)
  A porcupine (Lair:2)
  2 ice beasts (Lair:8)
  An ogre simulacrum (D:15)
  A jelly (D:13)
  A scorpion (Spider:1)
  3 killer bees (Spider:1)
  3 orc priests (Orc:4)
  A giant mite (Spider:3)
  A white imp (Lair:8)
  3 orcs (Orc:4)
99 creatures vanquished.

Vanquished Creatures (others)
  Asterion (Lair:3)
  2 stone giants (Spider:1)
  An iron troll (Spider:1)
  A sea snake (Shoals:5)
  3 deep trolls
  2 hill giants
  A red wasp (Spider:3)
  A chimera (Shoals:5)
  2 drowned souls (Shoals:5)
  A water elemental (Shoals:5)
  A fire elemental (Shoals:5)
  A redback (Spider:1)
  An ogre (Lair:3)
  5 sheep (D:3)
  A kobold (D:8)
  23 fungi
  6 plants
  7 tentacles (Shoals:5)
  744 tentacle segments (Shoals:5)
804 creatures vanquished.

Grand Total: 2187 creatures vanquished

Notes
Turn   | Place    | Note
--------------------------------------------------------------
     0 | D:1      | Ratboiler, the Felid Berserker, began the quest for the Orb.
     0 | D:1      | Reached XP level 1. HP: 10/10 MP: 2/2
   151 | D:1      | Reached XP level 2. HP: 9/14 MP: 3/3
  1086 | D:1      | Reached XP level 3. HP: 17/17 MP: 5/5
  1145 | D:2      | Acquired Trog's second power
  1693 | D:2      | Reached XP level 4. HP: 21/21 MP: 7/7
  2524 | D:2      | You fall through a shaft!
  2549 | D:3      | Found a glowing silver altar of Zin.
  3128 | D:3      | Reached skill level 5 in Dodging
  3312 | D:3      | Reached XP level 5. HP: 24/24 MP: 8/8
  3332 | D:3      | Reached skill level 5 in Unarmed Combat
  3660 | D:3      | Found a shimmering altar of Xom.
  3936 | D:3      | Found a snail-covered altar of Cheibriados.
  4290 | D:4      | Noticed an ogre
  4322 | D:4      | Noticed Talonman's ghost (average DrEE)
  4681 | D:4      | Killed from afar by Talonman's ghost
  4682 | D:4      | Reached XP level 4. HP: -15/22 MP: 7/7
  4810 | D:4      | Reached XP level 5. HP: 25/25 MP: 8/8
  4974 | D:4      | Noticed an ogre
  5216 | D:5      | Entered Level 5 of the Dungeon
  5486 | D:5      | Reached skill level 6 in Dodging
  5486 | D:5      | Gained mutation: You are covered in thick fur (AC +2). [growing up]
  5486 | D:5      | Gained mutation: You can jump attack at a medium distance. [growing up]
  5486 | D:5      | Reached XP level 6. HP: 29/29 MP: 10/10
  5587 | D:5      | Noticed a centaur
  5593 | D:5      | Killed a centaur
  5648 | D:5      | Acquired Trog's third power
  5893 | D:5      | Noticed a centaur
  5899 | D:5      | Killed a centaur
  5899 | D:5      | Reached skill level 5 in Fighting
  5899 | D:5      | Reached XP level 7. HP: 33/33 MP: 12/12
  6473 | D:6      | Reached skill level 7 in Dodging
  6941 | D:6      | Noticed Natasha
  7096 | D:6      | Killed Natasha
  7335 | D:6      | Found Ahihoc's Armour Shop.
  7357 | D:6      | Found Brounkoa's Assorted Antiques.
  7364 | D:6      | Bought a scroll labeled FASTRA CA SKEIC for 26 gold pieces
  7364 | D:6      | Bought a scroll of identify for 52 gold pieces
  7364 | D:6      | Bought a brown potion for 23 gold pieces
  7364 | D:6      | Bought a potion of heal wounds for 78 gold pieces
  7364 | D:6      | Bought a scroll labeled ONOAZI ZOCWE for 26 gold pieces
  7653 | D:6      | Reached XP level 8. HP: 38/38 MP: 13/13
  7662 | D:6      | Reached skill level 8 in Dodging
  8157 | D:7      | Found a staircase to the Ecumenical Temple.
  8488 | D:6      | Noticed Natasha
  8504 | D:6      | Killed Natasha
  8668 | D:7      | Reached skill level 9 in Dodging
  9361 | D:8      | Noticed Erolcha
  9465 | D:8      | Found Smusauvo's Armour Boutique.
  9546 | D:8      | Reached XP level 9. HP: 39/43 MP: 15/15
  9732 | D:8      | Noticed wvc's ghost (experienced DDFi)
  9812 | D:8      | Noticed Grum
 10122 | D:8      | Reached skill level 10 in Dodging
 10154 | D:8      | Found a staircase to the Lair.
 10299 | Lair:1   | Entered Level 1 of the Lair of Beasts
 10970 | Lair:1   | Noticed a spiny frog
 11116 | Lair:1   | Reached skill level 1 in Stealth
 11300 | Lair:1   | Killed a scroll of magic mapping mimic
 11300 | Lair:1   | Reached skill level 10 in Unarmed Combat
 11300 | Lair:1   | Reached XP level 10. HP: 42/48 MP: 17/17
 11457 | Lair:1   | Noticed Fannar
 11545 | Lair:1   | Reached skill level 11 in Dodging
 11632 | Lair:1   | Killed a spiny frog
 11849 | Lair:2   | Noticed a black mamba
 11870 | Lair:2   | Killed a black mamba
 12480 | Lair:2   | Reached skill level 5 in Stealth
 12892 | Lair:2   | Noticed an elephant
 12896 | Lair:2   | Noticed an elephant
 12900 | Lair:2   | Noticed an elephant
 12902 | Lair:2   | Killed an elephant
 12908 | Lair:2   | Killed an elephant
 12962 | Lair:2   | Reached XP level 11. HP: 53/53 MP: 18/18
 13035 | Lair:2   | Noticed an elephant
 13049 | Lair:2   | Killed an elephant
 13113 | Lair:2   | Reached skill level 12 in Dodging
 13416 | Lair:2   | Killed an elephant
 13716 | Lair:2   | Noticed an elephant
 13718 | Lair:2   | Noticed an elephant
 13718 | Lair:2   | Noticed an elephant
 13747 | Lair:2   | Killed an elephant
 13790 | Lair:2   | Noticed an elephant
 13802 | Lair:2   | Killed an elephant
 13858 | Lair:2   | Noticed an elephant
 13869 | Lair:2   | Killed an elephant
 13884 | Lair:2   | Noticed an elephant
 13931 | Lair:2   | Noticed an elephant
 13931 | Lair:2   | Noticed an elephant
 13946 | Lair:2   | Killed an elephant
 14020 | Lair:2   | Killed an elephant
 14029 | Lair:2   | Killed an elephant
 14245 | Lair:2   | Killed an elephant
 14473 | Lair:2   | Killed an elephant
 14562 | Lair:3   | Found a staircase to the Shoals.
 14774 | Lair:3   | Found a frozen archway.
 14853 | Lair:3   | Reached skill level 10 in Fighting
 14934 | IceCv    | Entered an ice cave
 14970 | IceCv    | Noticed an ice statue
 14970 | IceCv    | Noticed an ice statue
 15197 | IceCv    | Killed an ice statue
 15261 | IceCv    | Killed an ice statue
 15261 | IceCv    | Reached skill level 13 in Dodging
 15465 | IceCv    | Noticed a necromancer
 15475 | IceCv    | Killed a necromancer
 15475 | IceCv    | Gained mutation: Your thick and shaggy fur keeps you warm (AC +3, rC+). [growing up]
 15475 | IceCv    | Gained mutation: You can jump attack at a long distance. [growing up]
 15475 | IceCv    | Reached XP level 12. HP: 58/58 MP: 19/19
 16753 | Lair:3   | Found a hole to the Spider Nest.
 17057 | Lair:4   | Reached skill level 10 in Stealth
 18166 | Lair:4   | Reached skill level 14 in Dodging
 19155 | Lair:5   | Reached XP level 13. HP: 63/63 MP: 20/20
 19370 | Lair:5   | Noticed a six-headed hydra
 19693 | Lair:6   | Noticed Maud
 21070 | Lair:8   | Entered Level 8 of the Lair of Beasts
 21854 | Lair:8   | Reached skill level 15 in Unarmed Combat
 22121 | Lair:8   | Noticed a dire elephant
 22139 | Lair:8   | Killed a dire elephant
 22197 | Lair:8   | Noticed a dire elephant
 22208 | Lair:8   | Killed a dire elephant
 22279 | Lair:8   | Noticed a dire elephant
 22400 | Lair:8   | Found a burning altar of Makhleb.
 22486 | Lair:8   | Reached skill level 15 in Dodging
 22502 | Lair:8   | Found a gateway to Hell.
 22556 | Lair:8   | Killed a dire elephant
 22892 | Lair:8   | Found a staircase to the Slime Pits.
 23133 | Lair:8   | Reached XP level 14. HP: 69/69 MP: 21/21
 23199 | Lair:8   | Reached skill level 16 in Unarmed Combat
 23588 | Lair:8   | Reached skill level 1 in Evocations
 24636 | D:8      | Found a sacrificial altar of Ru.
 24659 | D:8      | Killed Erolcha
 24676 | D:8      | Killed Grum
 24828 | D:9      | Reached skill level 5 in Evocations
 25535 | D:9      | Found a glowing golden altar of the Shining One.
 25622 | D:10     | Entered Level 10 of the Dungeon
 25959 | D:10     | Noticed Urug
 25968 | D:10     | Killed Urug
 26874 | D:11     | Found Xeyhaosch's Food Shoppe.
 26894 | D:11     | Found Eschec's Book Boutique.
 27137 | D:11     | Noticed Sonja
 27147 | D:11     | Killed Sonja
 27703 | D:11     | Found Cearr's Assorted Antiques.
 27731 | D:11     | Bought 3 scrolls of identify for 198 gold pieces
 27731 | D:11     | Bought a silver wand for 132 gold pieces
 27731 | D:11     | Bought a scroll of magic mapping for 115 gold pieces
 27731 | D:11     | Bought a scroll of magic mapping for 115 gold pieces
 27731 | D:11     | Bought a potion of might for 82 gold pieces
 28021 | D:12     | Found a staircase to the Orcish Mines.
 28040 | D:12     | HP: 3/69 [red ugly thing (21)]
 28363 | D:12     | You fall through a shaft for 2 floors!
 28386 | D:14     | Reached skill level 10 in Evocations
 28569 | D:13     | Found a gate to the Vaults.
 28790 | D:12     | Found Gozag's Platinum Reserve.
 28794 | D:12     | Found an opulent altar of Gozag.
 29407 | Orc:1    | Entered Level 1 of the Orcish Mines
 29410 | Orc:1    | Noticed Prince Ribbit
 29411 | Orc:1    | Noticed Maurice
 29424 | Orc:1    | Killed Maurice
 29427 | Orc:1    | Killed Prince Ribbit
 29822 | Orc:3    | Found a staircase to the Elven Halls.
 31183 | Orc:2    | Found Atianod's Antique Armour Shop.
 31725 | Orc:1    | Found a roughly hewn altar of Beogh.
 32099 | Orc:3    | You fall through a shaft!
 32099 | Orc:4    | Entered Level 4 of the Orcish Mines
 32206 | Orc:4    | Found a radiant altar of Vehumet.
 32227 | Orc:4    | Found a roughly hewn altar of Beogh.
 32325 | Orc:4    | Found a roughly hewn altar of Beogh.
 32525 | Orc:4    | Reached XP level 15. HP: 70/73 MP: 32/32
 32538 | Orc:4    | Noticed an orc warlord
 32606 | Orc:4    | Noticed Erica
 32616 | Orc:4    | Killed Erica
 32892 | Orc:4    | Killed an orc warlord
 33055 | Orc:4    | Found Kyezarosi's Antique Armour Emporium.
 33055 | Orc:4    | Found a roughly hewn altar of Beogh.
 33059 | Orc:4    | Found Uhauxaum's Antique Weapon Shoppe.
 33115 | Orc:4    | Found a roughly hewn altar of Beogh.
 33216 | Orc:4    | Found a roughly hewn altar of Beogh.
 33219 | Orc:4    | Found Saul's Book Emporium.
 33322 | Orc:4    | Found a roughly hewn altar of Beogh.
 33331 | Orc:4    | Found Skuruh's Gadget Boutique.
 33361 | Orc:4    | Bought a wand of magic darts (10) for 50 gold pieces
 33361 | Orc:4    | Bought a plain deck of wonders for 196 gold pieces
 33564 | Orc:4    | Found a roughly hewn altar of Beogh.
 34175 | Spider:1 | Entered Level 1 of the Spider Nest
 34175 | Spider:1 | Noticed Asterion
 34175 | Spider:1 | Noticed Snorg
 34184 | Spider:1 | Killed Snorg
 34204 | Spider:1 | Noticed a spectral weapon
 34205 | Spider:1 | Killed a spectral weapon
 34213 | Spider:1 | Noticed a spectral weapon
 34443 | Lair:3   | Noticed a spectral weapon
 34443 | Lair:3   | Killed Asterion
 34650 | Spider:1 | Noticed Agnes
 34709 | Spider:1 | Killed Agnes
 34891 | Spider:1 | Noticed Donald
 34917 | Spider:1 | Killed Donald
 35177 | Spider:1 | Noticed Nessos
 35190 | Spider:1 | Killed Nessos
 35254 | Spider:1 | Noticed Roxanne
 37966 | Spider:2 | Reached skill level 17 in Dodging
 40223 | Spider:4 | Reached XP level 16. HP: 80/80 MP: 33/33
 40295 | Spider:5 | Entered Level 5 of the Spider Nest
 40321 | Spider:5 | Noticed Arachne
 40327 | Spider:5 | Killed Arachne
 40609 | Spider:4 | Reached skill level 18 in Dodging
 41853 | Spider:5 | HP: 2/80 [disintegration (46)]
 42243 | Spider:5 | Reached skill level 15 in Fighting
 44083 | Spider:5 | Got a gossamer rune of Zot
 44523 | Shoals:1 | Entered Level 1 of the Shoals
 44760 | Shoals:1 | Reached skill level 19 in Dodging
 45014 | Shoals:5 | Entered Level 5 of the Shoals
 45014 | Shoals:5 | Noticed Ilsuiw
 46030 | Shoals:5 | HP: 6/121 [you] (7)]
 46030 | Shoals:5 | Slain by a tentacle
 46031 | Shoals:5 | Reached XP level 15. HP: 0/115 MP: 32/32
 46080 | Shoals:5 | Hit by a poisoned javelin thrown by a merfolk javelineer
 46081 | Shoals:5 | Reached XP level 14. HP: -5/73 MP: 31/32
 46655 | Shoals:5 | Reached XP level 15. HP: 69/78 MP: 32/32
 47777 | D:13     | Found a roughly hewn altar of Beogh.
 49248 | D:15     | Entered Level 15 of the Dungeon
 49797 | D:15     | Noticed Josephine
 49814 | D:15     | Killed Josephine
 49947 | D:15     | Noticed Louise
 50550 | D:15     | Mangled by a very large slime creature

Action                   |  1- 3 |  4- 6 |  7- 9 | 10-12 | 13-15 | 16-18 || total
-------------------------+-------+-------+-------+-------+-------+-------++-------
Melee: Unarmed           |    97 |   198 |   368 |   731 |  2234 |   476 ||  4104
Invok: Berserk           |     7 |    14 |    26 |    46 |    81 |    25 ||   199
       Trog's Hand       |       |       |     1 |       |    10 |     3 ||    14
       Brothers in Arms  |       |       |     1 |     2 |    32 |    14 ||    49
       Burn Spellbooks   |       |       |       |     1 |       |     1 ||     2
Evoke: Wand              |       |       |     1 |     2 |    20 |     5 ||    28
       Lamp of fire      |       |       |       |       |     2 |     2 ||     4
       Phial of floods   |       |       |       |       |     1 |     1 ||     2
       Box of beasts     |       |       |       |       |       |     1 ||     1
  Use: Scroll            |       |    10 |    12 |    11 |    13 |     9 ||    55
       Potion            |       |       |       |     1 |    12 |    10 ||    23
 Stab: Sleeping          |     3 |     5 |     2 |    28 |    82 |     2 ||   122
       Distracted        |       |     1 |       |     4 |     9 |     3 ||    17
       Invisible         |       |       |       |     4 |       |       ||     4
       Confused          |       |       |       |       |       |     1 ||     1
  Eat: Chunk             |    11 |    18 |    44 |    61 |   100 |    28 ||   262
       Beef jerky        |       |     1 |       |       |     4 |       ||     5
       Royal jelly       |       |       |       |     1 |     4 |       ||     5
       Meat ration       |       |       |       |       |     3 |     2 ||     5
